 Dungeon Crawl Stone Soup version 0.18-a0-1071-g9f02aef (console) character file.

219 FIQ the Skirmisher (level 5, -1/28 HPs)
             Began as a Vine Stalker Fighter on Jan 14, 2016.
             Was a Follower of Kikubaaqudgha.
             Slain by FIQ's ghost (13 damage)
             ... while paralysed by FIQ's ghost
             ... on level 4 of the Dungeon.
             The game lasted 00:05:01 (1909 turns).

FIQ the Skirmisher (Vine Stalker Fighter)           Turns: 1909, Time: 00:05:01

Health: -1/28      AC:  6    Str: 24    XL:     5   Next: 96%
Magic:  0/8        EV:  2    Int:  9    God:    Kikubaaqudgha [*.....]
Gold:   141        SH:  0    Dex: 13    Spells: 0 memorised, 7 levels left

rFire  . . .     SeeInvis .     a - +0 rapier
rCold  . . .     Gourm    +     b - +0 scale mail
rNeg   . . .     Faith    .     j - +0 buckler
rPois  .         Spirit   +     (no helmet)
rElec  .         Dismiss  .     (no cloak)
rCorr  .         Reflect  .     (no gloves)
SustAt .         Harm     .     (no boots)
MR     .....                    v - amulet of the gourmand
Stlth  ..........               (no ring)
                                (no ring)

@: paralysed, mighty, slowed, not resistant to hostile enchantments, extremely
unstealthy
A: fangs 2, regeneration 1, magic shield, antimagic bite, no device heal 3, rot
immunity
a: Receive Corpses, Renounce Religion


You were on level 4 of the Dungeon.
You worshipped Kikubaaqudgha.
Kikubaaqudgha was aware of your devotion.
You were full.

You visited 1 branch of the dungeon, and saw 4 of its levels.

You collected 141 gold pieces.

Inventory:

Hand Weapons
 a - a +0 rapier (weapon)
Armour
 b - a +0 scale mail (worn)
 c - a +1 shield
 j - a +0 buckler (worn)
Jewellery
 g - an uncursed ring of ice
 v - an amulet of the gourmand (around neck)
Scrolls
 r - a scroll of recharging
Potions
 e - a potion of brilliance
 h - 4 potions of curing
 u - a potion of resistance
Books
 p - a book of Minor Magic

   Spells                             Type                      Level
   a - Magic Dart                     Conjuration                  1
   b - Blink                          Translocation                2
   c - Call Imp                       Summoning                    2
   d - Repel Missiles                 Charms/Air                   2
   e - Slow                           Hexes                        2
   f - Conjure Flame                  Conjuration/Fire             3
   g - Mephitic Cloud                 Conjuration/Poison/Air       3
 x - Kikubaaqudgha's Compendium of Dark Arts
   (Kikubaaqudgha gifted it to you on level 3 of the Dungeon)

   Spells                             Type                      Level
   a - Pain                           Necromancy                   1
   b - Corpse Rot                     Necromancy                   2
   c - Sublimation of Blood           Necromancy                   2
   d - Vampiric Draining              Necromancy                   3
   e - Control Undead                 Necromancy                   4
Comestibles
 f - 3 bread rations
 i - 3 fruits
 o - 4 slices of pizza
 w - a meat ration


   Skills:
 + Level 3.3 Fighting
 * Level 3.2 Short Blades
 + Level 3.3 Armour
 + Level 3.2 Shields
 - Level 1.7 Spellcasting
 + Level 0.6 Necromancy


You had 7 spell levels left.
You didn't know any spells.

Dungeon Overview and Level Annotations

Branches:
Dungeon (4/15)             Temple (0/1) D:4

Altars:
Gozag
Kikubaaqudgha
Okawaru
Yredelemnul
The Shining One

Annotations:
D:4 FIQ's ghost, amateur VSFi


Innate Abilities, Weirdness & Mutations

You have extremely sharp teeth.
Your natural rate of healing is unusually fast.
When hurt, damage is shared between your health and your magic reserves.
Your bite disrupts and absorbs the magic of your enemies.
Potions and wands cannot restore your health.
You are immune to rotting.


Message History

FIQ's ghost is nearby!
Press: ? - help, v - describe, . - travel
Here: FIQ's ghost, wielding a weapon of chaos (hasn't noticed you)
The floor.
Drink which item? (? for menu, Esc to quit)
You feel very mighty all of a sudden.
FIQ's ghost turns its malevolent gaze towards you.
You puncture FIQ's ghost! You bite FIQ's ghost, but do no damage.
FIQ's ghost is moderately damaged.
You block FIQ's ghost's attack.
A phantom comes into view.
You hit FIQ's ghost. You bite FIQ's ghost! You drain its power.
FIQ's ghost is severely damaged.
FIQ's ghost hits you! The FIQ's ghost hits you!
You suddenly lose the ability to move!
FIQ's ghost hits you.
The phantom blinks!
FIQ's ghost hits you but does no damage.
The FIQ's ghost hits you!
You feel yourself slow down. FIQ's ghost hits you.
You are electrocuted!
You die...
Kikubaaqudgha rasps: "You have failed me!
Welcome... death!"

.... .... . ..... .
####+#### ......
#.......# .#.#.
#.......# .... #...>...#
#..# . #.......# ###...
... #.......######.....
.....####'####...##.#...
......W@........<.......
.#....#####...#####.#..#
..... #.#.# #.#..# ##..
#.#.# #.#..# #. #.#.#
#.#..# # #.#.# #....#
....# #.#..# #.#.#
#.#..# #.#.# #.#..# #.#
##.#


You could see FIQ's ghost.

Vanquished Creatures
  A giant frog (D:4)
  7 adders
  3 oozes
  An adder skeleton (D:4)
  A worm (D:3)
  2 giant geckos
  2 orcs (D:3)
  A ball python (D:2)
  A bat (D:1)
  3 giant cockroaches
  8 goblins
  11 hobgoblins
  3 jackals (D:3)
  12 kobolds
  3 giant newts
  11 rats
70 creatures vanquished.

Notes
Turn   | Place    | Note
--------------------------------------------------------------
     0 | D:1      | FIQ the Vine Stalker Fighter began the quest for the Orb.
     0 | D:1      | Reached XP level 1. HP: 11/11 MP: 2/2
    61 | D:1      | Reached XP level 2. HP: 13/16 MP: 3/3
   334 | D:1      | Reached XP level 3. HP: 19/19 MP: 5/5
   670 | D:2      | Found an opulent altar of Gozag.
   692 | D:2      | Reached skill level 1 in Spellcasting
   791 | D:2      | Found an iron altar of Okawaru.
   799 | D:2      | Reached skill level 3 in Fighting
   819 | D:2      | Found an ancient bone altar of Kikubaaqudgha.
   867 | D:2      | Became a worshipper of Kikubaaqudgha
   871 | D:2      | Reached XP level 4. HP: 13/24 MP: 5/7
  1151 | D:2      | Found a glowing golden altar of the Shining One.
  1376 | D:3      | Reached XP level 5. HP: 25/28 MP: 8/8
  1505 | D:3      | Found a basalt altar of Yredelemnul.
  1581 | D:3      | Reached * piety under Kikubaaqudgha
  1581 | D:3      | Received a gift from Kikubaaqudgha
  1582 | D:3      | Identified Kikubaaqudgha's Compendium of Dark Arts (Kikubaaqudgha gifted it to you on level 3 of the Dungeon)
  1898 | D:4      | Found a staircase to the Ecumenical Temple.
  1902 | D:4      | Noticed FIQ's ghost (amateur VSFi)
  1906 | D:4      | Noticed a phantom
  1906 | D:4      | Paralysed by FIQ's ghost for 6 turns
  1909 | D:4      | Slain by FIQ's ghost

Vault maps used:
D:1:      lemuel_arrival_hallway
D:2:      nicolae_overflow_hidden_temple, nicolae_tso_swordbearing_angel,
          kiku_gazebo_garden_becter, okawaru_ov_weapons_minmay, serial_glass,
          glass_columns_a, glass_columns_b, kennysheep_generic_room_5
D:3:      yredelemnul_altar_generic
D:4:      temple_green, first_bread, minmay_cut_off

Action                   |  1- 3 |  4- 6 || total
-------------------------+-------+-------++-------
Melee: Rapier            |   111 |   122 ||   233
  Use: Scroll            |       |     7 ||     7
       Potion            |       |     5 ||     5
 Stab: Invisible         |       |     1 ||     1
  Eat: Chunk             |       |    14 ||    14
